[ AOE2 MATCH · #504922404 ]
UnrankedSpanish vs Armenians
Player's team · LOSS
[ REPLAY ANALYSIS · EXTRACTED FROM THE RECORDED GAME ]
Feudal
10:49
Castle
16:15
Imperial
—
| APM avg | 64.4 |
| APM peak | 109 |
| eAPM avg | 25.2 |
| Villagers / military | 52 / 33 |
Focus
⚔️ 41.3% · 🌾 58.7%
Conquistador ×25 · Mangonel ×7 · Petard ×1
Feudal
9:31
Castle
23:21
Imperial
—
| APM avg | 50.5 |
| APM peak | 81 |
| eAPM avg | 22.9 |
| Villagers / military | 86 / 80 |
Focus
⚔️ 42.4% · 🌾 57.6%
Skirmisher ×47 · Monk ×21 · Militia ×12
Match map
Initial resources + every placement click. Lines = walls · curves = elevation contours. ◆ gold · ⬟ stone · ● berries · ✦ relic · ◌ wall gap
Your base· Open — unwalled flank
snowshawnskate's base· ✓ Closed at 23:21 · 55t walls · no gate
Smoothed initial terrain · ◌ = detected wall gap · hover for details
Inputs per minute
— NHN Forever - - snowshawnskate
Build order — NHN Forever
148 actions detected in the replay
| 0:02 | Queue | Villager (Male) |
| 0:02 | Queue | Villager (Male) |
| 0:03 | Queue | Villager (Male) |
| 0:05 | Build | House |
| 0:08 | Build | House |
| 0:17 | Queue | Villager (Male) |
| 0:17 | Queue | Villager (Male) |
| 1:24 | Queue | Villager (Male) |
| 1:57 | Queue | Villager (Male) |
| 1:57 | Queue | Villager (Male) |
| 2:14 | Queue | Villager (Male) |
| 2:24 | Build | Lumber Camp |
| 2:44 | Queue | Villager (Male) |
| 3:01 | Queue | Villager (Male) |
| 3:01 | Queue | Villager (Male) |
| 3:35 | Queue | Villager (Male) |
| 3:56 | Queue | Villager (Male) |
| 4:20 | Build | House |
| 4:26 | Queue | Villager (Male) |
| 4:26 | Queue | Villager (Male) |
| 4:45 | Build | Mill |
| 4:50 | Queue | Villager (Male) |
| 5:26 | Queue | Villager (Male) |
| 5:26 | Queue | Villager (Male) |
| 5:30 | Build | Palisade Wall |
| 5:47 | Queue | Villager (Male) |
| 5:54 | Queue | Villager (Male) |
| 5:55 | Queue | Villager (Male) |
| 6:05 | Build | House |
| 6:29 | Queue | Villager (Male) |
| 6:32 | Build | Mining Camp |
| 6:39 | Build | Mining Camp |
| 7:24 | Build | Farm |
| 7:29 | Queue | Villager (Male) |
| 8:01 | Build | Palisade Wall |
| 8:03 | Build | Palisade Wall |
| 8:08 | Research | Loom |
| 8:23 | Build | Farm |
| 8:39 | Research | Feudal Age |
| 8:47 | Build | Farm |
| 9:24 | Build | Palisade Wall |
| 9:48 | Queue | Villager (Male) |
| 9:59 | Build | Palisade Wall |
| 10:01 | Build | Palisade Wall |
| 10:03 | Build | Palisade Wall |
| 10:05 | Build | Palisade Wall |
| 10:17 | Build | Palisade Wall |
| 10:18 | Build | Palisade Wall |
| 10:49 | Age | Feudal Age |
| 10:53 | Build | Watch Tower |
| 11:01 | Build | Market |
| 11:23 | Build | Watch Tower |
| 11:33 | Build | Palisade Wall |
| 11:34 | Build | Palisade Wall |
| 11:36 | Build | House |
| 12:57 | Build | Blacksmith |
| 13:35 | Research | Castle Age |
| 13:45 | Build | Stone Wall |
| 14:24 | Build | Watch Tower |
| 15:23 | Queue | Villager (Male) |
| 15:23 | Queue | Villager (Male) |
| 16:12 | Queue | Villager (Male) |
| 16:15 | Age | Castle Age |
| 16:37 | Build | Stone Wall |
| 16:41 | Build | Stone Wall |
| 16:45 | Build | Stone Wall |
| 16:46 | Build | Stone Wall |
| 16:49 | Build | Stone Wall |
| 16:50 | Build | Stone Wall |
| 16:52 | Build | Stone Wall |
| 16:55 | Build | Stone Wall |
| 16:57 | Build | Stone Wall |
| 16:59 | Build | Stone Wall |
| 17:01 | Build | Stone Wall |
| 17:02 | Build | Stone Wall |
| 17:12 | Build | Stone Wall |
| 17:22 | Queue | Villager (Male) |
| 17:22 | Queue | Villager (Male) |
| 17:55 | Queue | Villager (Male) |
| 17:56 | Queue | Villager (Male) |
| 18:30 | Queue | Villager (Male) |
| 18:58 | Build | Stone Wall |
| 19:07 | Build | Stone Wall |
| 19:38 | Queue | Villager (Male) |
| 19:39 | Queue | Villager (Male) |
| 20:03 | Build | Farm |
| 20:08 | Build | Castle |
| 20:33 | Build | Stone Wall |
| 20:39 | Build | Stone Wall |
| 20:48 | Queue | Villager (Male) |
| 21:18 | Build | Mining Camp |
| 21:37 | Queue | Villager (Male) |
| 21:49 | Queue | Conquistador |
| 21:57 | Build | Farm |
| 22:18 | Queue | Conquistador |
| 22:20 | Build | Farm |
| 22:49 | Build | House |
| 22:57 | Queue | Conquistador |
| 22:57 | Queue | Conquistador |
| 23:04 | Queue | Petard |
| 23:40 | Queue | Conquistador |
| 23:40 | Queue | Conquistador |
| 23:43 | Build | Farm |
| 24:06 | Queue | Conquistador |
| 24:06 | Queue | Conquistador |
| 24:06 | Queue | Conquistador |
| 24:43 | Queue | Villager (Male) |
| 24:58 | Queue | Conquistador |
| 24:59 | Queue | Conquistador |
| 26:02 | Build | Siege Workshop |
| 26:06 | Queue | Conquistador |
| 26:06 | Queue | Conquistador |
| 26:29 | Queue | Villager (Male) |
| 26:36 | Queue | Mangonel |
| 26:36 | Queue | Mangonel |
| 26:43 | Queue | Villager (Male) |
| 26:45 | Build | Farm |
| 26:49 | Queue | Conquistador |
| 26:50 | Queue | Conquistador |
| 26:59 | Build | Outpost |
| 27:20 | Queue | Conquistador |
| 27:20 | Queue | Conquistador |
| 28:09 | Queue | Conquistador |
| 28:09 | Queue | Conquistador |
| 28:20 | Queue | Villager (Male) |
| 28:22 | Queue | Mangonel |
| 28:42 | Queue | Villager (Male) |
| 29:53 | Queue | Villager (Male) |
| 29:58 | Queue | Conquistador |
| 29:59 | Queue | Conquistador |
| 30:06 | Queue | Villager (Male) |
| 30:06 | Queue | Villager (Male) |
| 31:29 | Queue | Conquistador |
| 31:29 | Queue | Conquistador |
| 32:12 | Build | Mining Camp |
| 32:18 | Queue | Villager (Male) |
| 32:18 | Queue | Villager (Male) |
| 32:18 | Queue | Villager (Male) |
| 32:57 | Queue | Conquistador |
| 32:58 | Queue | Conquistador |
| 33:02 | Queue | Villager (Male) |
| 33:03 | Queue | Villager (Male) |
| 33:40 | Queue | Mangonel |
| 33:40 | Queue | Mangonel |
| 34:47 | Queue | Villager (Male) |
| 34:47 | Queue | Villager (Male) |
| 34:49 | Queue | Mangonel |
| 34:49 | Queue | Mangonel |
Build order — snowshawnskate
First 150 of 307 actions detected
| 0:00 | Queue | Villager (Male) |
| 0:02 | Build | House |
| 0:03 | Build | House |
| 0:09 | Queue | Villager (Male) |
| 0:15 | Queue | Villager (Male) |
| 0:23 | Queue | Villager (Male) |
| 1:26 | Queue | Villager (Male) |
| 2:01 | Queue | Villager (Male) |
| 2:21 | Queue | Villager (Male) |
| 2:24 | Build | Mule Cart |
| 2:57 | Queue | Villager (Male) |
| 3:23 | Queue | Villager (Male) |
| 3:27 | Build | House |
| 3:32 | Queue | Villager (Male) |
| 3:57 | Queue | Villager (Male) |
| 4:00 | Queue | Villager (Male) |
| 4:38 | Queue | Villager (Male) |
| 4:46 | Queue | Villager (Male) |
| 5:18 | Queue | Villager (Male) |
| 5:34 | Build | House |
| 5:50 | Queue | Villager (Male) |
| 6:37 | Build | Barracks |
| 6:39 | Queue | Villager (Male) |
| 6:57 | Build | Mule Cart |
| 7:21 | Research | Feudal Age |
| 7:22 | Queue | Militia |
| 7:22 | Queue | Militia |
| 7:47 | Queue | Militia |
| 8:00 | Queue | Militia |
| 8:32 | Queue | Militia |
| 8:35 | Build | Mill |
| 9:10 | Queue | Militia |
| 9:14 | Build | House |
| 9:17 | Build | House |
| 9:31 | Age | Feudal Age |
| 9:31 | Research | Man-at-Arms (upgrade) |
| 9:32 | Queue | Villager (Male) |
| 9:40 | Queue | Villager (Male) |
| 9:49 | Queue | Villager (Male) |
| 9:51 | Build | Blacksmith |
| 10:11 | Queue | Villager (Male) |
| 10:24 | Research | Long Swordsman (upgrade) |
| 10:41 | Build | Farm |
| 10:59 | Build | Farm |
| 11:02 | Queue | Villager (Male) |
| 11:24 | Research | Forging |
| 12:00 | Queue | Villager (Male) |
| 12:03 | Build | Farm |
| 12:06 | Build | Farm |
| 12:13 | Queue | Villager (Male) |
| 12:19 | Build | Farm |
| 12:43 | Queue | Villager (Male) |
| 12:48 | Queue | Militia |
| 12:49 | Build | Farm |
| 12:51 | Build | House |
| 12:58 | Build | Farm |
| 12:58 | Queue | Villager (Male) |
| 13:01 | Build | Farm |
| 13:22 | Build | Farm |
| 13:25 | Queue | Militia |
| 13:34 | Queue | Villager (Male) |
| 13:37 | Build | Farm |
| 13:44 | Queue | Militia |
| 13:53 | Build | Farm |
| 14:04 | Research | Scale Mail Armor |
| 14:06 | Research | Loom |
| 14:43 | Queue | Villager (Male) |
| 14:44 | Queue | Militia |
| 14:56 | Queue | Villager (Male) |
| 14:58 | Queue | Militia |
| 15:08 | Queue | Villager (Male) |
| 15:13 | Queue | Villager (Male) |
| 15:22 | Build | Farm |
| 15:22 | Build | Farm |
| 15:23 | Build | Farm |
| 15:24 | Build | Farm |
| 15:41 | Queue | Militia |
| 15:52 | Build | House |
| 16:01 | Queue | Villager (Male) |
| 16:03 | Build | Farm |
| 16:15 | Research | Wheelbarrow |
| 16:33 | Build | Stone Wall |
| 16:37 | Build | Stone Wall |
| 16:46 | Queue | Villager (Male) |
| 16:49 | Build | Mule Cart |
| 17:02 | Queue | Villager (Male) |
| 17:11 | Queue | Villager (Male) |
| 17:23 | Queue | Villager (Male) |
| 17:37 | Build | Stone Wall |
| 17:38 | Build | Stone Wall |
| 17:44 | Queue | Villager (Male) |
| 18:06 | Research | Town Watch |
| 18:10 | Build | Stone Wall |
| 18:41 | Build | Stone Wall |
| 18:45 | Build | Stone Wall |
| 18:54 | Build | Stone Wall |
| 19:01 | Queue | Villager (Male) |
| 19:30 | Queue | Villager (Male) |
| 19:53 | Build | Stone Wall |
| 20:06 | Build | Market |
| 20:07 | Queue | Villager (Male) |
| 20:13 | Build | Stone Wall |
| 20:14 | Build | Stone Wall |
| 20:41 | Research | Castle Age |
| 20:48 | Research | Double-Bit Axe |
| 21:04 | Research | Horse Collar |
| 21:13 | Build | House |
| 21:14 | Build | House |
| 21:30 | Build | Archery Range |
| 21:33 | Build | Archery Range |
| 21:35 | Research | Fletching |
| 22:23 | Build | Farm |
| 22:24 | Build | Farm |
| 22:27 | Build | Farm |
| 22:28 | Queue | Skirmisher |
| 22:28 | Queue | Skirmisher |
| 23:00 | Build | Farm |
| 23:01 | Build | Farm |
| 23:02 | Queue | Skirmisher |
| 23:02 | Queue | Skirmisher |
| 23:21 | Age | Castle Age |
| 23:23 | Build | Monastery |
| 23:29 | Build | Town Center |
| 23:32 | Research | Bodkin Arrow |
| 23:32 | Research | Bodkin Arrow |
| 23:36 | Queue | Villager (Male) |
| 23:46 | Research | Elite Skirmisher (upgrade) |
| 23:56 | Research | Bow Saw |
| 23:57 | Queue | Monk |
| 23:58 | Queue | Monk |
| 24:03 | Queue | Villager (Male) |
| 24:07 | Build | Farm |
| 24:19 | Queue | Villager (Male) |
| 24:25 | Build | Farm |
| 24:28 | Queue | Villager (Male) |
| 24:35 | Queue | Skirmisher |
| 24:35 | Queue | Skirmisher |
| 24:43 | Build | Farm |
| 24:53 | Queue | Villager (Male) |
| 24:53 | Queue | Villager (Male) |
| 24:56 | Queue | Skirmisher |
| 25:04 | Queue | Villager (Male) |
| 25:08 | Queue | Monk |
| 25:08 | Queue | Monk |
| 25:16 | Queue | Skirmisher |
| 25:34 | Queue | Monk |
| 25:35 | Queue | Monk |
| 25:35 | Queue | Villager (Male) |
| 25:54 | Build | Farm |
| 25:56 | Queue | Villager (Male) |
Match timeline
| 5:30 | NHN Forever · wall_segment Palisade Wall x1 |
| 6:37 | snowshawnskate · first_building Barracks |
| 8:01 | NHN Forever · wall_segment Palisade Wall x1 |
| 8:03 | NHN Forever · wall_segment Palisade Wall x1 |
| 9:24 | NHN Forever · wall_segment Palisade Wall x1 |
| 9:31 | snowshawnskate · age_up feudal |
| 9:59 | NHN Forever · wall_segment Palisade Wall x1 |
| 10:01 | NHN Forever · wall_segment Palisade Wall x1 |
| 10:03 | NHN Forever · wall_segment Palisade Wall x1 |
| 10:05 | NHN Forever · wall_segment Palisade Wall x1 |
| 10:17 | NHN Forever · wall_segment Palisade Wall x1 |
| 10:18 | NHN Forever · wall_segment Palisade Wall x1 |
| 10:49 | NHN Forever · age_up feudal |
| 11:33 | NHN Forever · wall_segment Palisade Wall x1 |
| 11:34 | NHN Forever · wall_segment Palisade Wall x1 |
| 13:34 | NHN Forever · first_market_sell 100 stone |
| 13:45 | NHN Forever · wall_segment Stone Wall x1 |
| 16:15 | NHN Forever · age_up castle |
| 16:33 | snowshawnskate · wall_segment Stone Wall x4 |
| 16:37 | snowshawnskate · wall_segment Stone Wall x7 |
| 16:37 | NHN Forever · wall_segment Stone Wall x1 |
| 16:41 | NHN Forever · wall_segment Stone Wall x1 |
| 16:45 | NHN Forever · wall_segment Stone Wall x1 |
| 16:46 | NHN Forever · wall_segment Stone Wall x1 |
| 16:49 | NHN Forever · wall_segment Stone Wall x1 |
| 16:50 | NHN Forever · wall_segment Stone Wall x1 |
| 16:52 | NHN Forever · wall_segment Stone Wall x1 |
| 16:55 | NHN Forever · wall_segment Stone Wall x1 |
| 16:57 | NHN Forever · wall_segment Stone Wall x1 |
| 16:59 | NHN Forever · wall_segment Stone Wall x1 |
| 17:01 | NHN Forever · wall_segment Stone Wall x1 |
| 17:02 | NHN Forever · wall_segment Stone Wall x1 |
| 17:12 | NHN Forever · wall_segment Stone Wall x1 |
| 17:26 | NHN Forever · first_market_buy 100 stone |
| 17:37 | snowshawnskate · wall_segment Stone Wall x7 |
| 17:38 | snowshawnskate · wall_segment Stone Wall x4 |
| 18:10 | snowshawnskate · wall_segment Stone Wall x8 |
| 18:41 | snowshawnskate · wall_segment Stone Wall x14 |
| 18:45 | snowshawnskate · wall_segment Stone Wall x2 |
| 18:54 | snowshawnskate · wall_segment Stone Wall x10 |
| 18:58 | NHN Forever · wall_segment Stone Wall x1 |
| 19:07 | NHN Forever · wall_segment Stone Wall x1 |
| 19:53 | snowshawnskate · wall_segment Stone Wall x5 |
| 20:08 | NHN Forever · first_building Castle |
| 20:13 | snowshawnskate · wall_segment Stone Wall x1 |
| 20:14 | snowshawnskate · wall_segment Stone Wall x1 |
| 20:33 | NHN Forever · wall_segment Stone Wall x1 |
| 20:39 | NHN Forever · wall_segment Stone Wall x1 |
| 21:30 | snowshawnskate · first_building Archery Range |
| 23:21 | snowshawnskate · age_up castle |
| 23:23 | snowshawnskate · first_building Monastery |
| 24:34 | snowshawnskate · first_market_buy 100 food |
| 26:02 | NHN Forever · first_building Siege Workshop |
| 35:54 | snowshawnskate · first_market_sell 100 food |
| 36:21 | NHN Forever · resign |
[ AI ANALYSIS · 1 CREDIT ]
What really happened in this match?
Wolo.gg analyzes every decision: build order, eco, micro, common mistakes by bracket. Personalized analysis on WhatsApp or Discord in 30 seconds.
Civ guide
Spanish
Perfil
NHN Forever